 Dungeon Crawl Stone Soup version 0.26.0-20-g3ca415f5b8 (webtiles) character file.

Game seed: 9087012355843272266

52826 Acheron the Envoy of Void (level 14, 0/104 HPs)
             Began as a Demonspawn Abyssal Knight on Jan 16, 2021.
             Was a High Priest of Lugonu.
             Killed by divine providence
             ... invoked by a meliai
              (13 damage)
             ... on level 15 of the Dungeon on Jan 24, 2021.
             The game lasted 03:17:34 (29471 turns).

Acheron the Envoy of Void (DsAK)                   Turns: 29471, Time: 03:17:35

Health: 0/104      AC: 28    Str: 21    XL:     14   Next: 28%
Magic:  19/22      EV: 22    Int: 15    God:    Lugonu [*****.]
Gold:   2806       SH:  6    Dex: 22    Spells: 14/24 levels left

rFire    . . .     SeeInvis +   d - +9 dagger of Saltpetre {vorpal, Int+2}
rCold    . . .     Faith    .   W - +0 buckler
rNeg     + + .     Spirit   .   F - +4 ring mail of Shadows and Fog {Harm Str+3}
rPois    .         Reflect  .   (no helmet)
rElec    .         Harm     +   Z - +0 cloak
rCorr    .         Rampage  .   I - +0 pair of gloves
Will     +....                  A - +2 pair of boots
Stlth    +++.......             B - amulet of regeneration
HPRegen  0.67/turn              x - ring "Guyravo" {rN+ Str+3 Dex+6}
MPRegen  0.18/turn              z - ring of see invisible

@: agile, lethally poisoned (0 -> -8), sanguine armour
A: hooves 2, negative energy resistance 1, powered by pain 2, miasma immunity,
sanguine armour 3
a: Renounce Religion, Depart the Abyss, Bend Space, Banish, Corrupt, Enter the
Abyss


You were on level 15 of the Dungeon.
You worshipped Lugonu.
Lugonu was extremely pleased with you.
You visited 5 branches of the dungeon, and saw 24 of its levels.
You visited the Abyss 1 time.
You also visited: Volcano.

You collected 2806 gold pieces.

Inventory:

Hand Weapons
 d - the +9 dagger of Saltpetre (weapon) {vorpal, Int+2}
   (You found it on level 2 of the Lair of Beasts)

   It inflicts extra damage upon your enemies.
   It affects your intelligence (+2).
 s - a +2 hunting sling of flaming
 t - a +1 trident of flaming
 v - a +3 war axe
 w - a +5 war axe of chaos
 y - a +3 flail of protection
Missiles
 e - 132 stones
 r - 13 javelins
 L - 11 boomerangs
 S - 4 curare-tipped darts (quivered)
 T - 90 sling bullets
 U - 4 boomerangs of dispersal
Armour
 g - a +3 scale mail
 A - a +2 pair of boots (worn)
 F - the +4 ring mail of Shadows and Fog (worn) {Harm Str+3}
   (You found it on level 4 of the Dungeon)

   It affects your strength (+3).
   It increases damage dealt and taken.
 I - a +0 pair of gloves (worn)
 V - the cursed +1 ice dragon scales of Precision Catastrophes {*Drain rPois rF- rC++ Regen+ SInv Stlth+}
   (You found it on level 2 of the Lair of Beasts)

   It makes you vulnerable to fire.
   It greatly protects you from cold.
   It protects you from poison.
   It lets you see invisible.
   It increases your rate of regeneration.
   It causes draining when unequipped.
   It makes you more stealthy.
   It has a curse placed upon it.
 W - a +0 buckler (worn)
 Z - a +0 cloak (worn)
Jewellery
 j - a +6 ring of dexterity
 o - an uncursed ring of wizardry
 q - a +6 ring of strength
 x - the ring "Guyravo" (left hand) {rN+ Str+3 Dex+6}
   (You found it on level 4 of the Dungeon)

   [ring of dexterity]

   It affects your strength (+3).
   It affects your dexterity (+6).
   It protects you from negative energy.
 z - a ring of see invisible (right hand)
 B - an amulet of regeneration (around neck)
 J - an uncursed ring of protection from cold
 O - an uncursed ring of poison resistance
Wands
 b - a wand of polymorph (7)
 k - a wand of enslavement (7)
 C - a wand of flame (61)
 E - a wand of disintegration (20)
 Q - a wand of iceblast (17)
Scrolls
 a - a scroll of magic mapping
 c - 7 scrolls of amnesia
 i - 9 scrolls of remove curse
 n - a scroll of vulnerability
 G - 6 scrolls of identify
 K - a scroll of enchant armour
 M - 3 scrolls of fog
 P - 6 scrolls of teleportation
Potions
 f - 8 potions of curing
 h - 4 potions of might
 l - 3 potions of berserk rage
 m - 2 potions of heal wounds
 p - 7 potions of brilliance
 u - 2 potions of flight
 D - 4 potions of mutation
 H - 2 potions of lignification
 N - a potion of cancellation
 X - a potion of haste
Miscellaneous
 Y - a phantom mirror


   Skills:
 * Level 7.8 Fighting
 * Level 9.5 Short Blades
 * Level 5.7 Axes
 * Level 5.9 Throwing
 + Level 8.1 Armour
 * Level 7.3 Dodging
 * Level 6.8 Stealth
 * Level 3.6 Shields
 * Level 5.5 Spellcasting
 * Level 4.7 Conjurations
 * Level 5.0 Hexes
 + Level 3.0 Summonings
 * Level 3.1 Necromancy
 + Level 3.3 Translocations
 * Level 9.8 Invocations
 * Level 6.3 Evocations


You had 14 spell levels left.
You knew the following spells:

 Your Spells              Type           Power        Failure   Level
a - Magic Dart            Conj           72%          3%          1
b - Blink                 Tloc           N/A          10%         2
c - Call Imp              Summ           13%          11%         2
d - Slow                  Hex            19%          4%          2
e - Apportation           Tloc           28%          6%          1
f - Animate Skeleton      Necr           26%          7%          1
g - Corona                Hex            21%          3%          1

Your spell library contained the following spells:

 Spells                   Type           Power        Failure   Level
 Pain                     Necr           52%          7%          1
 Summon Small Mammal      Summ           52%          7%          1
 Shock                    Conj/Air       44%          10%         1
 Vampiric Draining        Necr           6%           22%         3
 Conjure Flame            Conj/Fire      11%          28%         3
 Passwall                 Tmut/Erth      3%           36%         2
 Mephitic Cloud           Conj/Pois/Air  8%           36%         3
 Animate Dead             Necr           6%           56%         4
 Iskenderun's Battlesphe  Conj           18%          69%         5
 Summon Lightning Spire   Summ/Air       8%           80%         4
 Agony                    Necr           13%          89%         5
 Silence                  Hex/Air        5%           94%         5
 Bolt of Magma            Conj/Fire/Erth 4%           98%         5
 Borgnjor's Vile Clutch   Necr/Erth      4%           98%         5
 Lee's Rapid Deconstruct  Erth           2%           100%        5
 Conjure Ball Lightning   Conj/Air       5%           100%        6
 Iron Shot                Conj/Erth      5%           100%        6
 Orb of Destruction       Conj           9%           100%        7
 Spellforged Servitor     Conj/Summ      7%           100%        7
 Tornado                  Air            2%           100%        9


Dungeon Overview and Level Annotations

Branches:
Dungeon (15/15)            Temple (1/1) D:7            Lair (6/6) D:8
  Swamp (0/4) Lair:4        Snake (1/4) Lair:2          Orc (1/2) D:9
Volcano (visited)
  Slime: Lair:5-6    Vaults: D:13-14     Depths: D:15

Altars:
Ashenzari
Cheibriados
Dithmenos
Elyvilon
Fedhas
Gozag
Hepliaklqana
Kikubaaqudgha
Makhleb
Nemelex Xobeh
Okawaru
Qazlal
Ru
Sif Muna
Trog
Uskayaw
Vehumet
Wu Jian
Xom
Yredelemnul
Zin
The Shining One

Shops:
D:5 }   D:10 [   D:12 [

Portals:
Trove: D:14 (give 7 potions of haste)

Annotations:
D:5 Ijyb
D:12 Jorgrun, Kirke
D:13 exclusion: obsidian statue
Lair:1 exclusion: oklob plant
Lair:4 exclusion: downstairs
Lair:6 1 runed translucent door
Abyss:1 Fannar


Innate Abilities, Weirdness & Mutations

You have hoof-like feet.
You resist negative energy. (rN+)
You sometimes gain power by taking damage.
You are immune to miasma.
When seriously injured, your bleeding wounds create very thick armour. (AC +12)


Message History

The meliai is severely wounded.
The meliai barely misses you. The meliai stings you.
* * * LOW HITPOINT WARNING * * *
You are more poisoned.
The meliai poisons you!
You hit the meliai.
The meliai is almost dead.
You feel sick.
The meliai mumbles some strange prayers to its god against you.
Something smites you!
* * * LOW HITPOINT WARNING * * *
You feel much better.
You feel sick.
The meliai mumbles some strange prayers to its god against you.
Something smites you!
* * * LOW HITPOINT WARNING * * *
You focus on the pain.
You feel agile all of a sudden.
The meliai mumbles some strange prayers to its god against you.
Something smites you!
You die...

#......#
......##.....#
.......#......
#......#......
#.....##......
#.....#.......
#######.....#......[
#...........#.######
#.)@§.......#.#
#.y§####'##.#.# #
#...#.....#.#)# #
#...#.....#.'.######
#..##.....#.#.......
#..#......'.#.......
#..#......#.#..#####
#..#......#.#..#
#......#)#..#


You could see a meliai.

Vanquished Creatures
  4 hydras
  3 centaur warriors
  A tengu warrior (D:14)
  4 skeletal warriors (D:11)
  An unseen horror (D:13)
  3 bog bodies (Lair:4)
  2 wizards
  A deep elf mage (D:13)
  An orc knight (D:15)
  A manticore (D:14)
  7 ugly things
  A salamander (Volcano)
  A cyclops (D:11)
  Maurice (D:12)
  Joseph (D:8)
  2 torpor snails
  2 gargoyles
  2 centaur zombies
  4 black mambas
  4 centaur skeletons
  6 cane toads
  3 rime drakes
  An efreet (D:14)
  3 kobold demonologists (D:11)
  3 komodo dragons
  A meliai (D:15)
  A redback zombie (D:15)
  A troll (D:11)
  A polar bear (Lair:2)
  9 slime creatures
  A meliai zombie (D:12)
  9 wyverns
  2 wraiths
  40 yaks
  A fire bat (D:9)
  A water elemental (D:12)
  2 hogs (D:12)
  3 basilisks
  4 vampire mosquitoes (D:15)
  4 nagas (Lair:2)
  Edmund (D:4)
  2 soldier ants
  10 water moccasins
  2 hell hounds (Volcano)
  5 orc warriors
  4 ice beasts
  A necrophage (D:12)
  An eye of draining (Lair:5)
  4 sky beasts
  2 phantoms
  5 ogres
  16 centaurs
  16 wolves
  8 big kobolds
  A gnoll sergeant (D:8)
  25 bullfrogs
  2 scorpions
  10 killer bees
  3 electric eels (D:12)
  A howler monkey (D:9)
  10 wights (D:12)
  A bullfrog zombie (D:10)
  3 quasits
  A wyvern simulacrum (D:14)
  8 jellies
  5 hounds
  6 orc priests
  An iron imp (D:7)
  20 orc wizards
  2 gnoll shamans (D:8)
  An iguana (D:6)
  12 worker ants
  A howler monkey zombie (D:8)
  13 gnolls
  8 adders
  A shadow imp (D:6)
  2 ufetubi
  3 oozes
  3 adder skeletons
  2 adder zombies
  3 dart slugs
  8 leopard geckos
  42 orcs
  6 giant cockroaches
  3 goblins (D:1)
  12 hobgoblins
  9 jackals
  3 quokkas
  2 ball pythons
  A ball python skeleton (D:4)
  4 bats
  7 frilled lizards
  A jackal skeleton (D:7)
  46 kobolds
  6 rats
517 creatures vanquished.

Vanquished Creatures (collateral kills)
  A hog (D:12)
1 creature vanquished.

Vanquished Creatures (others)
  A vault guard (D:14)
  A hog (D:12)
  An orc warrior (D:14)
  An orc (D:14)
  38 fungi
  82 plants
124 creatures vanquished.

Grand Total: 642 creatures vanquished

Notes
Turn   | Place    | Note
-------+----------+-------------------------------------------
     0 | Abyss:1  | Acheron the Demonspawn Abyssal Knight began the quest for
                  | the Orb.
     0 | Abyss:1  | Reached XP level 1. HP: 18/18 MP: 2/2
    69 | Abyss:1  | Noticed a lich
    70 | D:1      | Escaped the Abyss
   236 | D:1      | Reached * piety under Lugonu
   522 | D:1      | Reached skill level 1 in Dodging
   522 | D:1      | Gained mutation: When seriously injured, your bleeding
                  | wounds create armour. (AC +12) [demonic ancestry]
   522 | D:1      | Reached XP level 2. HP: 14/24 MP: 4/4
  1322 | D:3      | Found a shadowy altar of Dithmenos.
  1322 | D:3      | Found a burning altar of Makhleb.
  1322 | D:3      | Found a blossoming altar of Fedhas.
  1328 | D:3      | Reached XP level 3. HP: 24/29 MP: 5/5
  1400 | D:4      | Noticed Edmund
  1411 | D:3      | Gained mutation: You sometimes gain a little power by
                  | taking damage. [demonic ancestry]
  1411 | D:3      | Reached XP level 4. HP: 6/35 MP: 6/6
  1501 | D:3      | Reached ** piety under Lugonu
  1502 | D:3      | Reached skill level 1 in Stealth
  1795 | D:2      | Reached skill level 1 in Short Blades
  2277 | D:2      | Found an ornate altar of the Wu Jian Council.
  2613 | D:2      | Gained mutation: When seriously injured, your bleeding
                  | wounds create thick armour. (AC +12) [demonic ancestry]
  2613 | D:2      | Reached XP level 5. HP: 41/41 MP: 7/7
  3788 | D:4      | Got a pitted ring mail
  3795 | D:4      | Got a sparkling glass ring
  3836 | D:4      | Identified the +4 ring mail of Shadows and Fog {Harm Str+3}
                  | (You found it on level 4 of the Dungeon)
  3837 | D:4      | Identified the ring "Guyravo" {rN+ Str+3 Dex+6} (You found
                  | it on level 4 of the Dungeon)
  4071 | D:4      | Killed Edmund
  4072 | D:4      | Gained mutation: You have large cloven feet. [demonic
                  | ancestry]
  4072 | D:4      | Reached XP level 6. HP: 31/48 MP: 7/9
  4195 | D:5      | Entered Level 5 of the Dungeon
  4850 | D:6      | HP: 2/48 [ufetubus (3)]
  4890 | D:7      | Gained mutation: You have hoof-like feet. [demonic
                  | ancestry]
  4890 | D:7      | Reached XP level 7. HP: 17/53 MP: 10/10
  5014 | D:7      | Found a snail-covered altar of Cheibriados.
  5095 | D:7      | Reached *** piety under Lugonu
  5275 | D:7      | Found a staircase to the Ecumenical Temple.
  5283 | Temple   | Entered the Ecumenical Temple
  5489 | D:8      | Noticed a wyvern
  5489 | D:8      | Noticed a yak
  5492 | D:8      | Noticed a wyvern
  5498 | D:8      | Noticed a wyvern
  5499 | D:8      | Killed a wyvern
  5579 | D:7      | Reached skill level 5 in Invocations
  5579 | D:7      | Gained mutation: You sometimes gain power by taking damage.
                  | [demonic ancestry]
  5579 | D:7      | Reached XP level 8. HP: 60/60 MP: 9/11
  5851 | D:8      | Reached skill level 1 in Throwing
  5851 | D:8      | Reached skill level 1 in Evocations
  6233 | D:8      | Reached skill level 5 in Short Blades
  6245 | D:8      | Reached XP level 9. HP: 48/67 MP: 13/13
  6541 | D:8      | Reached skill level 5 in Armour
  6633 | D:8      | Reached skill level 5 in Fighting
  6647 | D:8      | Noticed Joseph
  6706 | D:8      | Killed Joseph
  6707 | D:8      | Reached skill level 1 in Spellcasting
  7890 | D:6      | Reached **** piety under Lugonu
  8708 | D:9      | Found a staircase to the Orcish Mines.
  8753 | Orc:1    | Entered Level 1 of the Orcish Mines
  8755 | Orc:1    | Noticed an orc knight
  8812 | D:9      | Gained mutation: When seriously injured, your bleeding
                  | wounds create very thick armour. (AC +12) [demonic
                  | ancestry]
  8812 | D:9      | Reached XP level 10. HP: 63/74 MP: 14/14
  8852 | D:9      | Identified the Volume of Destiny
  8986 | D:10     | Entered Level 10 of the Dungeon
  9416 | D:9      | Noticed a two-headed ogre
  9533 | D:8      | Found an opulent altar of Gozag.
  9624 | D:8      | Found a staircase to the Lair.
  9646 | Lair:1   | Entered Level 1 of the Lair of Beasts
  9964 | Lair:2   | Noticed a black mamba
 10692 | D:8      | Learned a level 1 spell: Magic Dart
 10695 | D:8      | Learned a level 2 spell: Blink
 10698 | D:8      | Learned a level 2 spell: Call Imp
 10698 | D:8      | Upgraded the game from 0.26.0-15-gc6cd9f700b to
                  | 0.26.0-20-g3ca415f5b8
 10701 | D:8      | Learned a level 2 spell: Slow
 10996 | D:5      | Noticed Ijyb
 11099 | D:5      | Reached ***** piety under Lugonu
 11552 | D:5      | Found Vockal's Gadget Boutique.
 12327 | Lair:2   | Got a transparent dagger
 12329 | Lair:2   | Identified the +9 dagger of Saltpetre {vorpal, Int+2} (You
                  | found it on level 2 of the Lair of Beasts)
 12334 | Lair:2   | Found a staircase to the Snake Pit.
 12409 | Lair:2   | Noticed a five-headed hydra
 12411 | Lair:2   | Banished a five-headed hydra
 12412 | Lair:2   | Reached skill level 5 in Dodging
 12455 | Lair:2   | Reached skill level 1 in Summonings
 12496 | Lair:2   | Reached skill level 1 in Conjurations
 12496 | Lair:2   | Reached skill level 1 in Hexes
 12496 | Lair:2   | Reached skill level 1 in Translocations
 12553 | Lair:2   | Killed a black mamba
 12554 | Lair:2   | Reached skill level 5 in Stealth
 12686 | Lair:2   | Noticed a cane toad
 12727 | Lair:2   | Reached XP level 11. HP: 81/81 MP: 16/16
 12823 | Lair:2   | You fall into a shaft and drop 1 floor!
 13220 | Lair:3   | Noticed a six-headed hydra
 13609 | Lair:3   | Banished a six-headed hydra
 13967 | Lair:2   | Got shimmering ice dragon scales
 14012 | Lair:2   | Identified the cursed +1 ice dragon scales of Precision
                  | Catastrophes {*Drain rPois rF- rC++ Regen+ SInv Stlth+}
                  | (You found it on level 2 of the Lair of Beasts)
 14200 | Lair:4   | Noticed a seven-headed hydra
 14694 | Lair:4   | Noticed a death yak
 14694 | Lair:4   | Noticed a death yak
 14694 | Lair:4   | Noticed a death yak
 14694 | Lair:4   | Noticed a death yak
 14695 | Lair:4   | Noticed a death yak
 14695 | Lair:4   | Noticed a death yak
 14734 | Lair:4   | Found a dark tunnel.
 14739 | Volcano  | Entered a volcano
 14844 | Volcano  | Noticed a two-headed ogre
 14844 | Volcano  | Noticed a two-headed ogre
 14846 | Volcano  | Banished a two-headed ogre
 14847 | Volcano  | Banished a two-headed ogre
 15481 | Volcano  | Noticed a two-headed ogre
 15498 | Volcano  | Banished a two-headed ogre
 15499 | Volcano  | Reached XP level 12. HP: 50/89 MP: 8/18
 19745 | Volcano  | Glimpsed the power of Zot.
 19943 | Lair:3   | Reached skill level 1 in Shields
 20101 | Lair:5   | Noticed an eight-headed hydra
 20264 | Lair:4   | Noticed a seven-headed hydra
 20269 | Lair:4   | Banished a seven-headed hydra
 20655 | Lair:6   | Entered Level 6 of the Lair of Beasts
 20732 | Lair:5   | Noticed a catoblepas
 20737 | Lair:5   | You fall into a shaft and drop 1 floor!
 20824 | Lair:6   | Found a runed translucent door.
 20824 | Lair:6   | Noticed a fire dragon
 20902 | Lair:6   | Noticed a death yak
 20903 | Lair:6   | Noticed a death yak
 20903 | Lair:6   | Noticed a death yak
 20941 | Lair:6   | Noticed a boulder beetle
 20978 | Lair:5   | Noticed a seven-headed hydra
 20980 | Lair:5   | Killed a seven-headed hydra
 21053 | Lair:5   | Killed an eight-headed hydra
 21429 | Lair:4   | Killed a seven-headed hydra
 21517 | Lair:4   | Reached skill level 5 in Throwing
 21568 | Lair:4   | Reached skill level 5 in Evocations
 22488 | Snake:1  | Entered Level 1 of the Snake Pit
 22883 | D:9      | Gained mutation: You are immune to miasma. [demonic
                  | ancestry]
 22883 | D:9      | Reached XP level 13. HP: 96/96 MP: 14/19
 23123 | D:10     | Learned a level 1 spell: Apportation
 23125 | D:10     | Learned a level 1 spell: Animate Skeleton
 23127 | D:10     | Learned a level 1 spell: Corona
 23435 | D:10     | Found Dihoczid's Antique Armour Emporium.
 23553 | D:10     | Reached skill level 5 in Axes
 23744 | D:12     | Found Zupsingi's Armour Emporium.
 23773 | D:12     | Noticed Kirke
 23994 | D:12     | Noticed Fannar
 24004 | D:12     | Banished Fannar
 24126 | D:12     | Noticed Maurice
 24143 | D:12     | Killed Maurice
 24159 | D:12     | Noticed Jorgrun
 24576 | D:11     | Reached skill level 1 in Necromancy
 24948 | D:11     | HP: 2/96 [skeletal warrior/+0 glaive[a skeletal warrior]
                  | (15)]
 25521 | D:11     | Identified a scroll of acquirement
 25521 | D:11     | Acquired 1269 gold pieces
 26025 | D:10     | Found a shimmering altar of Xom.
 26585 | D:11     | Reached skill level 5 in Spellcasting
 28635 | D:14     | Gained mutation: You resist negative energy. (rN+) [demonic
                  | ancestry]
 28635 | D:14     | Reached XP level 14. HP: 62/103 MP: 21/21
 29014 | D:14     | Found a portal to a secret trove of treasure.
 29136 | D:14     | Reached skill level 5 in Hexes
 29191 | D:15     | Entered Level 15 of the Dungeon
 29470 | D:15     | HP: 3/104 [meliai/divine providence (13)]
 29471 | D:15     | Killed from afar by a meliai

Illustrated notes

Levels and vault maps discovered:
D:1:      dpeg_arrival_tiny_g, layout_loops_ring
D:2:      layout_loops_ring, lemuel_coloured_pillars_altar
D:3:      layout_rooms, chequers_temple_overflow_statue_of_worship
D:4:      layout_basic, uniq_edmund
D:5:      layout_loops_ring, serial_shops, shop_fountains, uniq_ijyb
D:6:      layout_layer_cave
D:7:      layout_loops_corners, slow_altar_2, minmay_temple_entry_waves
D:8:      kennysheep_housing_project, layout_loops_ring,
          minmay_lair_entry_grove, grunt_gozag_statues, uniq_joseph
D:9:      layout_loops_ring, orc_0_dummy, hangedman_incinerator
D:10:     layout_stronghold, serial_shops, shop_statue, lemuel_centaur_altar
D:11:     layout_loops_cross
D:12:     layout_basic, serial_shops,
          nicolae_shop_temple_entry_statues_fountains, grunt_ministairs_10,
          uniq_fannar, uniq_jorgrun, uniq_maurice, uniq_kirke
D:13:     layout_loops_corners, minmay_statue_bubble
D:14:     layout_rooms, ximxim_vaults_locker_room, enter_trove_2,
          kennysheep_crisscross, uniq_azrael
D:15:     grunt_enter_depths_snipers, layout_irregular_city,
          minmay_misc_feat_five
Temple:   minmay_crystal_spiral_temple
Lair:1:   layout_cave_pods, nicolae_quartered_pool_little, minmay_holes,
          chequers_serial_rivers_room_b, minmay_lair_oklob_items
Lair:2:   layout_cave_shapes, minmay_snake_entry_guardpost_small,
          grunt_megastairs_4
Lair:3:   layout_loops_ring, lemuel_fruit_fields
Lair:4:   lemuel_slime, layout_gridlike, nicolae_swamp_entry_splash_gauntlet,
          enter_volcano_4, lemuel_fruit_tree
Lair:5:   layout_loops_ring, minmay_slime_entry_eyes, uniq_sonja
Lair:6:   hangedman_lair_in_review, layout_regular_city, wormcave,
          grunt_megastairs_1
Snake:1:  layout_rooms, drop_trap
Orc:1:    layout_caves, elves_outpost_lemuel

Skill      XL: |  1  2  3  4  5  6  7  8  9 10 11 12 13 14 |
---------------+-------------------------------------------+-----
Armour         | 2 3 4 5 6 7 8 |  8.1
Dodging        | 1 2 3 4 5 6 7 |  7.3
Invocations    | 3 4 5 6 7 8 9 |  9.8
Stealth        | 1 2 3 4 5 6 |  6.8
Short Blades   | 1 2 3 5 6 7 8 9 |  9.5
Fighting       | 4 5 6 7 |  7.8
Throwing       | 2 3 4 5 |  5.9
Evocations     | 1 2 3 4 5 6 |  6.3
Axes           | 2 3 4 5 |  5.7
Spellcasting   | 1 2 3 4 5 |  5.5
Summonings     | 1 2 3 |  3.0
Conjurations   | 1 2 3 4 |  4.7
Hexes          | 1 2 3 4 5 |  5.0
Translocations | 1 2 3 |  3.3
Shields        | 2 3 |  3.6
Necromancy     | 2 3 |  3.1

Action                   |  1- 3 |  4- 6 |  7- 9 | 10-12 | 13-15 || total
-------------------------+-------+-------+-------+-------+-------++-------
Melee: Short sword       |    90 |   219 |   524 |   305 |       ||  1138
       Hand axe          |    13 |       |       |       |       ||    13
       Kick              |       |     2 |       |       |       ||     2
       Dagger            |       |       |       |   589 |   937 ||  1526
       War axe           |       |       |       |     9 |       ||     9
       Unarmed           |       |       |       |       |    38 ||    38
Throw: Dart              |       |     5 |       |    10 |     6 ||    21
       Boomerang         |       |       |       |       |    19 ||    19
 Cast: Animate Skeleton  |       |       |       |       |    27 ||    27
       Apportation       |       |       |       |       |     2 ||     2
Invok: Depart the Abyss  |     1 |       |       |       |       ||     1
       Bend Space        |       |       |     1 |       |     1 ||     2
       Banish            |       |       |     2 |     8 |     7 ||    17
Evoke: Wand              |       |       |    16 |     3 |     6 ||    25
  Use: Scroll            |     3 |     5 |    15 |    20 |    14 ||    57
       Potion            |       |     5 |       |     2 |     3 ||    10
 Stab: Sleeping          |       |     2 |     5 |     6 |     8 ||    21
       Paralysed         |       |       |     6 |       |       ||     6
       Distracted        |       |       |     1 |     1 |     1 ||     3
       Invisible         |       |       |       |     4 |       ||     4
       Confused          |       |       |       |       |     1 ||     1
Armor: Leather armour    |    35 |    51 |    25 |       |       ||   111
       Scale mail        |       |       |   131 |    23 |    35 ||   189
       Ring mail         |       |       |       |   231 |   155 ||   386
       Skin              |       |       |       |       |     3 ||     3
Dodge: Dodged            |    79 |   168 |   268 |   523 |   392 ||  1430
Block: Buckler           |       |       |       |    55 |   143 ||   198
